 Dungeon Crawl Stone Soup version 0.27.0-1-g7a089689b8 (webtiles) character file.

Game seed: 5559026381689988779

72 EnegeticOcto the Shield-Bearer (level 4, -2/40 HPs)
             Began as a Minotaur Fighter on Aug 2, 2021.
             Slain by a gnoll (5 damage)
             ... on level 2 of the Dungeon.
             The game lasted 00:00:26 (1010 turns).

EnegeticOcto the Shield-Bearer (Minotaur Fighter)   Turns: 1010, Time: 00:00:27

Health: -2/40      AC:  7    Str: 21    XL:     4   Next: 7%
Magic:  3/3        EV:  7    Int:  5    God:
Gold:   70         SH:  9    Dex: 10    Spells: 3/3 levels left

rFire    . . .     SeeInvis .   a - +0 war axe
rCold    . . .     Faith    .   c - +0 kite shield
rNeg     . . .     Spirit   .   b - +0 scale mail
rPois    .         Reflect  .   (helmet restricted)
rElec    .         Harm     .   (no cloak)
rCorr    .         Rampage  .   (no gloves)
Will     .....                  (no boots)
Stlth    ..........             (no amulet)
HPRegen  0.13/turn              (no ring)
MPRegen  0.08/turn              (no ring)

@: no status effects
A: horns 2, retaliatory headbutt
a: no special abilities


You were on level 2 of the Dungeon.
You visited 1 branch of the dungeon, and saw 2 of its levels.

You collected 70 gold pieces.

Inventory:

Hand Weapons
 a - a +0 war axe (weapon)
Armour
 b - a +0 scale mail (worn)
 c - a +0 kite shield (worn)
Jewellery
 h - a +6 ring of dexterity
Scrolls
 f - a scroll of holy word {unknown}
 g - a scroll of magic mapping {unknown}
 i - 2 scrolls of enchant armour {unknown}
Potions
 d - 2 potions of might {@q3}
 e - a potion of curing {unknown}


   Skills:
 + Level 4.1 Fighting
 * Level 3.8 Axes
 + Level 4.2 Armour
 + Level 4.2 Shields


You had 3 spell levels left.
You didn't know any spells.
Your spell library was empty.

Dungeon Overview and Level Annotations

Branches:
Dungeon (2/15)

Altars:

Shops:
D:1 [   D:2 =


Innate Abilities, Weirdness & Mutations

You have a pair of horns on your head.
You reflexively headbutt those who attack you in melee.


Message History

The quokka bites you but does no damage.
You block the quokka's attack.
You barely miss the quokka. Your headbutt misses the quokka.
The quokka is heavily wounded.
The quokka bites you. x2
You hit the quokka.
You kill the quokka!
No target in view!
No target in view!
No target in view!
A ball python comes into view.
A ball python is nearby!
A ball python is nearby!
A ball python is nearby!
The ball python hisses angrily.
The ball python bites you. The ball python grabs you.
The ball python constricts you.
You hit the ball python. You headbutt the ball python.
You kill the ball python!
No target in view!
No target in view!
No target in view!
No target in view!
No target in view!
No target in view!
A gnoll comes into view. It is wielding a +0 spear.
The gnoll shouts!
You hear a shout!
A gnoll comes into view. It is wielding a +0 spear. x2
There are monsters nearby!
There are monsters nearby!
There are monsters nearby!
The gnoll shouts!
The gnoll throws a throwing net.
The throwing net hits you.
You become entangled in the net!
You see here a throwing net.
You struggle against the net.
You tear a large gash into the net.
A ball python comes into view.
A kobold comes into view. It is wielding a +0 whip.
You shred the net and break free!
The ball python hisses angrily.
The kobold shouts!
The gnoll completely misses you. You block the gnoll's attack.
The gnoll hits you but does no damage.
Found 12 gold pieces.
You hit the gnoll. You headbutt the gnoll.
The gnoll is almost dead.
You slash the gnoll! The gnoll hits you with a +0 spear.
You block the gnoll's attack. x2; The gnoll hits you with a +0 spear. x2
You barely miss the gnoll. Your headbutt misses the gnoll.
The gnoll is almost dead.
You closely miss the gnoll.
The gnoll hits you from afar with a +0 spear.
The gnoll hits you with a +0 spear. You block the gnoll's attack.
The ball python bites you but does no damage.
The ball python grabs you. The ball python constricts you.
The gnoll hits you from afar with a +0 spear.
You are too injured to fight recklessly!
You are too injured to fight recklessly!
You are too injured to fight recklessly!
You are too injured to fight recklessly!
You are too injured to fight recklessly!
You are too injured to fight recklessly!
You are too injured to fight recklessly!
You are too injured to fight recklessly!
You are too injured to fight recklessly!
You are too injured to fight recklessly!
You barely miss the gnoll.
The gnoll is severely wounded.
You barely miss the gnoll. You hit the ball python.
You kill the ball python!
You closely miss the kobold. The gnoll barely misses you.
The gnoll hits you with a +0 spear.
The gnoll hits you from afar with a +0 spear.
* * * LOW HITPOINT WARNING * * *
You block the kobold's attack.
The gnoll hits you but does no damage. x2
You barely miss the gnoll.
The gnoll is almost dead.
You hit the kobold.
You kill the kobold!
You slash the gnoll!
You kill the gnoll!
The gnoll hits you from afar with a +0 spear.
* * * LOW HITPOINT WARNING * * *
You block the gnoll's attack. The gnoll hits you but does no damage.
You hit the gnoll but do no damage. You headbutt the gnoll.
You kill the gnoll!
The gnoll hits you but does no damage.
You have reached level 4!
You feel agile. You block the gnoll's attack.
You closely miss the gnoll. You block the gnoll's attack.
The gnoll hits you with a +0 spear.
* * * LOW HITPOINT WARNING * * *
You barely miss the gnoll. You block the gnoll's attack.
You slash the gnoll!
The gnoll is severely wounded.
The gnoll hits you with a +0 spear.
* * * LOW HITPOINT WARNING * * *
The gnoll hits you with a +0 spear.
You die...

......#..###.##....#....
........................
...............#..##....
...........#.###..###..(
.....#.......##...#.....
........##..##..........
#.....#.###....#........
#...###.##...##..)......
...## ..##.#.##)@)......
#.#. .. # #.g.......
#.... # ...........
#..... .............
#...... #####.........
#......# #.........
#....$.... #.........


You could see a gnoll.

Vanquished Creatures
  2 gnolls (D:2)
  2 adders (D:2)
  A worm (D:2)
  2 endoplasms
  3 giant cockroaches (D:1)
  8 hobgoblins
  A quokka (D:2)
  3 ball pythons
  A bat (D:2)
  2 frilled lizards (D:1)
  4 kobolds
  4 rats (D:1)
33 creatures vanquished.

Notes
Turn   | Place    | Note
-------+----------+-------------------------------------------
     0 | D:1      | EnegeticOcto the Minotaur Fighter began the quest for the
                  | Orb.
     0 | D:1      | Reached XP level 1. HP: 19/19 MP: 0/0
   268 | D:1      | Reached XP level 2. HP: 26/27 MP: 1/1
   289 | D:1      | Found Kialasi's Antique Armour Shop.
   674 | D:2      | Reached XP level 3. HP: 20/33 MP: 2/2
   816 | D:2      | Found Qown's Jewellery Shop.
  1007 | D:2      | Reached XP level 4. HP: 9/40 MP: 3/3
  1010 | D:2      | Slain by a gnoll

Illustrated notes

Levels and vault maps discovered:
D:1:      dpeg_arrival_windows_large_door, layout_basic, serial_shops,
          nicolae_square_shop
D:2:      layout_rooms, serial_shops, nicolae_shop_competitors_out_of_business

Skill      XL: |  1  2 |
---------------+-------+-----
Axes           | 3 |  3.8
Fighting       | 4 |  4.1
Armour         | 4 |  4.2
Shields        | 4 |  4.2

Action                   |  1- 3 |  4- 6 || total
-------------------------+-------+-------++-------
Melee: War axe           |    72 |     3 ||    75
       Headbutt          |    10 |       ||    10
 Stab: Distracted        |     1 |       ||     1
Armor: Scale mail        |    45 |       ||    45
Dodge: Dodged            |    21 |       ||    21
Block: Kite shield       |    34 |     3 ||    37
